Unix NetHack Version 5.0.0-0 post-release - last build Jul 19 2026 19:10:59 (3aa4ab31751d3886436d94b585a96704892fd477,branch:main).

Game began 2026-07-30 02:45:42, ended 2026-07-30 02:53:09.

IanCurtis, chaotic male elven Wizard

                                             ----------
                                            #-........|
      -----                                 #|........|
      |`..|                                 #-.--------
      |...-#                                @ ####
     #....|##                               Y    ######
     #-.--- #                               #         #
     ####  ###                              #         ##
      #      ######                                    +
      ##       ######                                  $
 ------#           # --------                         $$$
 |....|#           # |**..*.|                         $$$
 |....|#           ##...****.                        ....
 |....-#             |..*..*|                       ------
 |....|              --------
 |..<.|
 ------

IanCurtis the Conjurer    St:10 Dx:13 Co:14 In:19 Wi:10 Ch:10  Chaotic
Dlvl:9  $:343 HP:0(28) Pw:13(41) AC:9  Xp:4 T:1580 

Latest messages:
 The statue shatters.
 Instead of shattering, the statue of a quantum mechanic suddenly comes to life!
 In what direction? l
 The spell hits the quantum mechanic!
 The statue shatters.
 The quantum mechanic hits!
 Your position suddenly seems very uncertain!
 You materialize in a different location!
 That door is closed.
 The door resists!
 The door resists!
 The door opens.
 In what direction? j
 The door resists!
 In what direction? j
 The door closes.
 What do you want to use or apply? [ck-oswFG or ?*] k
 In what direction? j
 Lock it? [ynq] (q) y
 You succeed in locking the door.
 What do you want to call this dungeon level? zoo
 The ape hits!
 The ape hits again!
 The ape bites!
 In what direction? j
 The spell hits the ape!
 The ape hits!
 The ape hits again!
 The ape bites!
 Are you sure you want to pray? [yes|no] yes
 You begin praying to Anhur.
 You are surrounded by a shimmering light.
 The ape starts to attack you, but pulls back.
 The ape starts to attack you, but pulls back.
 The ape starts to attack you, but pulls back.
 You finish your prayer.
 You feel that Anhur is well-pleased.
 What do you want to zap? [cs or ?*] ?
 In what direction? j
 The bolt of fire hits the ape!
 The ape hits!
 The ape hits again!
 The ape bites!
 What do you want to zap? [cs or ?*] c
 In what direction? j
 The bolt of fire misses the ape.
 The ape hits!
 The ape hits again!
 You die...
 Do you want your possessions identified? [ynq] (y) q

Inventory:
 Coins    ('$')
  $ - 343 gold pieces
 Amulets  ('"')
  A - an uncursed amulet versus poison
 Weapons  (')')
  p - a +0 dagger
  a - a blessed +1 quarterstaff (weapon in hands)
 Armor    ('[')
  C - an uncursed +0 orcish helm
  b - an uncursed +0 cloak of magic resistance (being worn)
 Comestibles  ('%')
  v - an uncursed slime mold
  w - an uncursed cream pie
  u - an uncursed food ration
 Scrolls  ('?')
  j - an uncursed scroll of earth
  i - an uncursed scroll of food detection
  E - an uncursed scroll of remove curse
  D - a cursed scroll of remove curse
  r - an uncursed scroll of stinking cloud
 Spellbooks  ('+')
  F - an uncursed spellbook of cause fear
  G - an uncursed spellbook of clairvoyance
  l - a blessed spellbook of force bolt
  m - an uncursed spellbook of slow monster
 Potions  ('!')
  B - an uncursed potion of healing
  h - an uncursed potion of monster detection
  z - an uncursed potion of object detection
  f - an uncursed potion of restore ability
  g - an uncursed potion of water
 Rings    ('=')
  e - an uncursed +1 ring of protection
  d - an uncursed ring of see invisible
  y - a cursed ring of teleportation
 Wands    ('/')
  s - a wand of digging (0:8)
  c - a wand of fire (0:3)
 Tools    ('(')
  o - an uncursed bugle
  k - a cursed lock pick
  n - a magic marker (0:19)

IanCurtis the Wizard's attributes:

Background:
 You were a Conjurer, a level 4 male elven Wizard.
 You were chaotic, on a mission for Anhur
 who was opposed by Ptah (lawful) and Thoth (neutral).
 You were left-handed.
 You were in the Dungeons of Doom, on level 9.
 You entered the dungeon 1580 turns ago.
 It was nighttime.
 There was a full moon in effect when your adventure ended.
 You had 83 experience points, 77 more were needed to attain level 5.

Basics:
 You had 0 out of 28 hit points.
 You had 13 out of 41 energy points (spell power).
 Your armor class was 9.
 Your wallet contained 343 zorkmids.
 Autopickup was off.

Final Characteristics:
 Your strength was 10 (limit:18).
 Your dexterity was 13 (limit:18).
 Your constitution was 14 (limit:16).
 Your intelligence was 19 (limit:20).
 Your wisdom was 10 (limit:20).
 Your charisma was 10 (limit:18).

Final Status:
 You weren't hungry.
 You were unencumbered.
 You were wielding a quarterstaff.
 You had basic skill with quarterstaff.

Final Attributes:
 You were devoutly aligned.
 You were magic-protected.
 You were sleep resistant.
 You had infravision.
 You were warded.
 You were lucky.
 You are dead.

Miscellaneous:
 You didn't encounter any bones levels.
 Total elapsed playing time was 7 minutes and 27 seconds.

Major events:
 Turn
    1: IanCurtis the chaotic male elven Wizard entered the dungeon
  807: attained the rank of Conjurer (level 3)
 1580: killed by an ape

Spells:
 Name                 Level Category     Fail Retention
 force bolt             1   attack         0%  91%-100%
 slow monster           2   enchantment    0%  91%-100%

Skills:
 Fighting Skills
   bare handed combat [Unskilled]
   riding             [Unskilled]
 Weapon Skills
   dagger             [Unskilled]
   knife              [Unskilled]
   axe                [Unskilled]
   short sword        [Unskilled]
   club               [Unskilled]
   mace               [Unskilled]
   quarterstaff       [Basic]
   polearms           [Unskilled]
   spear              [Unskilled]
   trident            [Unskilled]
   sling              [Unskilled]
   dart               [Unskilled]
   shuriken           [Unskilled]
 Spellcasting Skills
   attack spells      [Basic]
   healing spells     [Unskilled]
   divination spells  [Unskilled]
   enchantment spells [Basic]
   clerical spells    [Unskilled]
   escape spells      [Unskilled]
   matter spells      [Unskilled]

Voluntary challenges:
 Character rerolling was not enabled.
 You were illiterate.
 You never genocided any monsters.
 You never polymorphed an object.
 You never changed form.
 You used no wishes.
Achievements:
 You entered a shop.
 You attained the rank of Conjurer.

 The Dungeons of Doom: levels 1 to 9
    Level 1:
    Level 2:
       A food shop.
    Level 3: "vault"
       A sink.
    Level 4:
    Level 5:
       A fountain.
    Level 6:
    Level 7: "leprechaun hall"
       A sink.
    Level 8:
    Level 9: "zoo" <- You were here.
       Final resting place for
          you, killed by an ape.


Vanquished creatures:
  a shrieker
 an elf zombie
  2 hill orcs
  a hobbit
  a green mold
  2 goblins
  6 lichens
  2 kobold zombies
  2 newts
18 creatures vanquished.

No species were genocided or became extinct.

Game over:
                       ----------
                      /          \
                     /    REST    \
                    /      IN      \
                   /     PEACE      \
                  /                  \
                  |    IanCurtis     |
                  |      343 Au      |
                  | killed by an ape |
                  |                  |
                  |                  |
                  |                  |
                  |       2026       |
                 *|     *  *  *      | *
        _________)/\\_//(\/(/\)/\//\/|_)_______

Goodbye IanCurtis the Wizard...

You died in The Dungeons of Doom on dungeon level 9 with 1041 points,
and 343 pieces of gold, after 1580 moves.
You were level 4 with a maximum of 28 hit points when you died.

